AoeStats
← Eidolon

Arabia

506210596Analyzed
1v1 RM · 20d ago on Sep 12, 2026· 30m 54s· 2 players
Game mode
Random Map
Map size
Tiny (2 player)
Population
200
Speed
Normal
Resources
Standard
Victory
Conquest
Starting age
Dark Age
Ending age
Imperial Age
RankedLock teamsTeams togetherTeam positionsShared explorationLock speedFull tech treeHidden civsTurbo modeCheats
Victory
Defeat
🇨🇦 Aztecs · Canada
1187
+15
🇦🇷 Ethiopians · Argentina
1171
-15
7or7u
7:24 Loom
10:01 Feudal Age
10:35 Double-Bit Axe
17:39 Wheelbarrow
18:44 Fletching
19:07 Padded Archer Armor
23:47 Castle Age
23:23 Horse Collar
24:37 Bodkin Arrow
24:54 Forging
24:49 Scale Barding Armor
27:36 Iron Casting
26:54 Light Cavalry
27:34 Husbandry
Eidolon
9:55 Feudal Age
11:25 Double-Bit Axe
16:03 Loom
19:05 Castle Age
17:55 Scale Mail Armor
17:51 Gold Mining
19:38 Horse Collar
20:40 Squires
20:29 Eagle Warrior
21:33 Bow Saw
23:33 Forging
25:34 Arson
27:11 Sanctity
28:00 Chain Mail Armor
30:18 Iron Casting
Connection lost

Rejoining the realm…

Still unreachable

The connection could not be restored.

Session expired

The server has moved on; the page needs a fresh start.